 Dungeon Crawl Stone Soup version 0.27.0-1-g7a089689b8 (webtiles) character file.

Game seed: 14013742554948190722

130 agentchuck the Sneak (level 5, -1/36 HPs)
             Began as an Octopode Brigand on Aug 3, 2021.
             Slain by an ufetubus (4 damage)
             ... on level 4 of the Dungeon.
             The game lasted 00:06:58 (2547 turns).

agentchuck the Sneak (Octopode Brigand)             Turns: 2547, Time: 00:06:59

Health: -1/36      AC:  1    Str: 11    XL:     5   Next: 14%
Magic:  5/5        EV: 12    Int: 14    God:
Gold:   57         SH:  0    Dex: 13    Spells: 3/4 levels left

rFire    . . .     SeeInvis .   a - +2 dagger
rCold    . . .     Faith    .   (no shield)
rNeg     . . .     Spirit   .   (helmet restricted)
rPois    .         Reflect  .   (no amulet)
rElec    .         Harm     .   (no ring)
rCorr    .         Rampage  .   (no ring)
Will     .....                  (no ring)
Stlth    ++++......             (no ring)
HPRegen  0.12/turn              (no ring)
MPRegen  0.09/turn              (no ring)
                                (no ring)
                                (no ring)

@: hasted, very quick
A: almost no armour, amphibious, 8 rings, camouflage 1, gelatinous body 1,
(nimble swimmer 1), tentacles
a: no special abilities


You were on level 4 of the Dungeon.
You visited 1 branch of the dungeon, and saw 4 of its levels.

You collected 57 gold pieces.


Innate Abilities, Weirdness & Mutations

You cannot wear most types of armour.
You are amphibious.
You can wear up to eight rings at the same time.
Your skin changes colour to match your surroundings (Stealth+).
Your rubbery body absorbs attacks. (AC +1, EV +1)
((You are camouflaged near water. (Stealth+)))
You have tentacles for arms and can constrict up to eight enemies at once.


   Skills:
 + Level 3.3 Fighting
 + Level 3.3 Short Blades
 - Level 2.0 Throwing
 - Level 1.0 Dodging
 + Level 6.6 Stealth


You had 3 spell levels left.
You knew the following spells:

 Your Spells              Type           Power      Damage    Failure   Level
z - Sting                 Tmut/Pois      0%         1d3       28%         1

Your spell library contained the following spells:

 Spells                   Type           Power      Damage    Failure   Level
 Poisonous Vapours        Pois/Air       0%         N/A       41%         2
 Call Canine Familiar     Summ           0%         N/A       65%         3
 Portal Projectile        Hex/Tloc       0%         N/A       65%         3
 Leda's Liquefaction      Hex/Erth       0%         N/A       96%         4
 Olgreb's Toxic Radiance  Pois           0%         N/A       96%         4

Inventory:

Hand Weapons
 a - a +2 dagger (weapon)
 l - a +0 war axe
Missiles
 b - 8 poisoned darts (quivered)
 c - 2 curare-tipped darts {=f}
 e - 100 stones
 h - 7 sling bullets
 m - 4 javelins
Armour
 g - a +0 tower shield
Scrolls
 d - a scroll of blinking
 k - a scroll of vulnerability {!r}
Potions
 f - a potion of might
 i - a potion of haste {@q3}
 j - a potion of cancellation {unknown}

Dungeon Overview and Level Annotations

Branches:
Dungeon (3/15)

Altars:
Ru

Annotations:
D:1 dist dagger!, exclusion: kobold
D:2 exclusion: adder

#########.######.#
#.........h.......
#..####..#'#####.
#..'..#..#..#
##..#).####..#
#...#).').#..# +#
######..#####†.##h#..#'#
###.......#†))#'##........+
#.........#..)'.@5..##+##.#
..........#####..####
...........#..'..'.)#
...........#.)#..#..#
...........####.#####
............#...#
..).....#...'...#
.......##.###'#.#####+##.#
......###.#...#..........#


You could see a black bear and an ufetubus.


Message History

The ufetubus hits you but does no damage.
The ufetubus barely misses you. The ufetubus hits you.
* * * LOW HITPOINT WARNING * * *
The ufetubus barely misses you. x2
There is an open door here.
The ufetubus hits you.
* * * LOW HITPOINT WARNING * * *
The ufetubus barely misses you. The ufetubus barely misses you.
The ufetubus hits you.
* * * LOW HITPOINT WARNING * * *
There is an open door here.
You hit the ufetubus. Your grab misses the ufetubus. You squeeze the ufetubus.
The ufetubus is moderately wounded.
The ufetubus hits you.
* * * LOW HITPOINT WARNING * * *
The ufetubus closely misses you.
You closely miss the ufetubus. Your grab misses the ufetubus.
The ufetubus is moderately wounded.
The ufetubus hits you.
* * * LOW HITPOINT WARNING * * *
The ufetubus hits you.
* * * LOW HITPOINT WARNING * * *
The ufetubus closely misses you. The ufetubus hits you.
* * * LOW HITPOINT WARNING * * *
You aren't carrying any items that you can evoke.
Unknown command.
You feel yourself speed up. The ufetubus closely misses you. x2
You see here a +0 club.
The ufetubus closely misses you. The ufetubus hits you.
You die...

Skill      XL: |  1  2  3  4 |
---------------+-------------+-----
Stealth        | 6 |  6.6
Fighting       | 3 |  3.3
Short Blades   | 3 |  3.3
Throwing       | |  2.0
Dodging        | |  1.0

Action                   |  1- 3 |  4- 6 || total
-------------------------+-------+-------++-------
Melee: Dagger            |    64 |    39 ||   103
       Constrict         |    13 |     6 ||    19
       Tentacles         |     9 |     9 ||    18
Throw: Dart              |     4 |     5 ||     9
  Use: Scroll            |       |     5 ||     5
       Potion            |       |     1 ||     1
 Stab: Sleeping          |    21 |    15 ||    36
Armor: Skin              |     9 |     2 ||    11
Dodge: Dodged            |    21 |    26 ||    47

Levels and vault maps discovered:
D:1:      co_arrival_random_square_maze, layout_loops_ring,
          ebering_ecumenical_altar_webs, kennysheep_doodads,
          minmay_misc_feat_rows, minmay_nonomino_d4
D:2:      layout_loops_corners
D:3:      corexii_shack_village, layout_basic,
          nicolae_kikubaaqudgha_miasma_corner,
          mainiacjoe_overflow_catch_the_wave, uniq_grinder
D:4:      corexii_shantytown, layout_cave_pods, nicolae_tso_besieged_by_evil,
          trog_book, serial_shops, nicolae_square_shop, minmay_bent

Notes
Turn   | Place    | Note
-------+----------+-------------------------------------------
     0 | D:1      | agentchuck the Octopode Brigand began the quest for the
                  | Orb.
     0 | D:1      | Reached XP level 1. HP: 14/14 MP: 1/1
    91 | D:1      | Found a faded altar of an unknown god.
   108 | D:1      | Reached XP level 2. HP: 12/19 MP: 2/2
   568 | D:1      | Learned a level 1 spell: Sting
   679 | D:1      | Reached XP level 3. HP: 25/25 MP: 3/3
   997 | D:2      | Reached skill level 6 in Stealth
  1602 | D:2      | Reached XP level 4. HP: 30/30 MP: 4/4
  2104 | D:3      | Reached skill level 3 in Fighting
  2288 | D:3      | Found a sacrificial altar of Ru.
  2319 | D:3      | Reached skill level 3 in Short Blades
  2347 | D:3      | You fall into a shaft and drop 1 floor!
  2462 | D:4      | Reached XP level 5. HP: 36/36 MP: 5/5
  2522 | D:4      | Noticed a black bear
  2544 | D:4      | HP: 3/36 [ufetubus (4)]
  2547 | D:4      | Slain by an ufetubus

Vanquished Creatures
  A jelly (D:3)
  A gnoll (D:4)
  2 worms
  2 dart slugs (D:1)
  3 orcs
  3 bats
  4 endoplasms
  8 goblins
  9 hobgoblins
  6 jackals
  8 quokkas
  A ball python (D:1)
  3 frilled lizards
  12 kobolds
  5 rats
68 creatures vanquished.

Vanquished Creatures (others)
  A plant (D:4)
1 creature vanquished.

Grand Total: 69 creatures vanquished

Table legend: (Time is in decaauts)
 A = Elapsed time spent in this place.
 B = Non-inter-level travel time spent in this place.
 C = Inter-level travel time spent in this place.
 D = Time resting spent in this place.
 E = Time spent auto-exploring this place.
 F = Levels seen in this place.
 G = Mean time per level.
                   A        B        C        D        E       F      G
               +--------+--------+--------+--------+--------+-----+--------+
         Total |   2532 |   2468 |     64 |    470 |   1272 |   4 |  633.0 |
       Dungeon |   2532 |   2468 |     64 |    470 |   1272 |   4 |  633.0 |
               +--------+--------+--------+--------+--------+-----+--------+

Top non-repeatable levels by time:
     D:2: 1000 daAuts
     D:1: 895 daAuts
     D:3: 440 daAuts
     D:4: 195 daAuts

Table legend:
 A = Non-vault XP
 B = Vault XP
 C = Vault XP percentage of total XP
 D = Non-vault monster count
 E = Vault monster count
 F = Vault count percentage of total count
                 A         B        C        D         E       F
            +---------+---------+-------+---------+---------+-------
      Total |     140 |      47 |  25.1 |      51 |      17 |  25.0
            +---------+---------+-------+---------+---------+-------
        D:1 |      45 |       5 |  10.0 |      23 |       3 |  11.5
        D:2 |      36 |       2 |   5.3 |      20 |       1 |   4.8
        D:3 |      54 |       7 |  11.5 |       5 |       3 |  37.5
        D:4 |       5 |      33 |  86.8 |       3 |      10 |  76.9
            +---------+---------+-------+---------+---------+-------
